Map: Lerilak Crest

Players

ZiHiO - Winner!

  • Race: Protoss Protoss
  • League: Diamond

Hindulaatti

  • Race: Terran Terran
  • League: Platinum

VOD

Have the link to the VOD?

Description

Time

  • Played on: Dec. 20, 2015, 5:44 a.m.
  • Length: 15:35
Show
View Real Time Build Order
Export as new Build Order

ZiHiO Protoss - Winner!

Build Orders:  

Get SALT Encoding   

  12  0:01  Probe (Chrono Boost)  
  13  0:12  Probe (Chrono Boost)  
  14  0:21  Pylon  
  14  0:24  Probe (Chrono Boost)  
  15  0:39  Probe (Chrono Boost)  
  15  0:40  Gateway  
  16  0:46  Assimilator  
  16  0:50  Probe (Chrono Boost)  
  17  1:00  Pylon  
  17  1:01  Probe (Chrono Boost)  
  18  1:12  Probe (Chrono Boost)  
  18  1:18  Assimilator  
  19  1:22  Probe (Chrono Boost)  
  20  1:29  Cybernetics Core  
  20  1:33  Probe (Chrono Boost)  
  21  1:43  Probe (Chrono Boost)  
  22  2:06  Mothership Core (Chrono Boost)  
  24  2:14  Nexus  
  24  2:19  Warp Gate (Chrono Boost)  
  24  2:22  Stalker  
  26  2:33  Probe (Chrono Boost)  
  27  2:43  Robotics Facility  
  27  2:48  Probe (Chrono Boost)  
  29  2:58  Probe (Chrono Boost)  
  29  3:03  Stalker  
  31  3:12  Pylon  
  31  3:16  Gateway  
  31  3:26  Probe  
  32  3:27  Pylon  
  32  3:38  Probe  
  33  3:41  Probe  
  33  3:45  Stalker  
  36  3:50  Probe  
  36  3:52  Probe  
  36  3:54  Observer (Chrono Boost)  
  39  3:57  Pylon  
  39  4:01  Forge  
  39  4:11  Probe  
  39  4:12  Probe  
  41  4:18  Gateway  
  41  4:21  Probe  
  42  4:24  Probe  
  42  4:26  Stalker  
  45  4:32  Probe  
  45  4:35  Protoss Ground Weapons Level 1 (Chrono Boost)  
  46  4:43  Probe x2  
  48  4:50  Robotics Bay  
  48  4:51  Assimilator  
  48  4:52  Assimilator  
  48  4:55  Twilight Council  
  48  5:23  Probe  
  48  5:24  Probe  
  48  5:26  Sentry  
  48  5:27  Zealot, Sentry  
  54  5:29  Blink (Chrono Boost)  
  54  5:35  Probe x2 (Chrono Boost)  
  56  5:47  Probe x2 (Chrono Boost)  
  58  5:52  Nexus  
  58  5:56  Pylon, Stalker x3  
  64  6:02  Probe (Chrono Boost)  
  64  6:03  Probe (Chrono Boost)  
  66  6:11  Probe  
  66  6:13  Probe  
  66  6:16  Gateway  
  68  6:19  Gateway  
  68  6:25  Colossus (Chrono Boost)  
  68  6:31  Probe  
  74  6:42  Photon Cannon  
  74  6:50  Probe  
  74  6:51  Probe  
  76  6:56  Protoss Ground Armor Level 1 (Chrono Boost)  
  76  6:57  Extended Thermal Lance  
  76  7:02  Probe  
  55  7:26  Probe  
  54  7:31  Colossus (Chrono Boost)  
  54  7:34  Stalker x2  
  64  7:51  Stalker x2  
  68  7:52  Pylon  
  68  8:01  Stalker x2  
  68  8:05  Pylon  
  72  8:08  Probe x2  
  74  8:17  Zealot x3  
  80  8:25  Zealot x2  
  84  8:30  Probe  
  84  8:31  Probe x2  
  87  8:42  Colossus, Probe  
  87  8:43  Mothership Core  
  74  9:00  Probe  
  75  9:12  Probe  
  76  9:17  Zealot  
  76  9:18  Probe x2  
  76  9:20  Stalker x4  
  88  9:31  Assimilator  
  88  9:33  Pylon  
  88  9:36  Pylon  
  88  9:38  Sentry  
  90  9:43  Gateway  
  90  9:44  Gateway  
  90  9:46  Protoss Ground Weapons Level 2 (Chrono Boost)  
  90  9:48  Forge, Gateway  
  90  9:53  Assimilator  
  90  10:06  Stalker x2  
  90  10:07  Stalker x3  
  96  10:09  Probe x2  
  102  10:20  Protoss Ground Armor Level 2 (Chrono Boost), Pylon  
  102  10:27  Pylon, Charge  
  102  10:31  Zealot x2  
  104  10:37  Zealot  
  104  10:38  Zealot  
  104  10:41  Zealot  
  110  10:46  Zealot x2  
  98  11:01  Stalker x4  
  90  11:10  Colossus  
  82  11:21  Sentry x4  
  90  11:30  Probe x2  
  92  11:46  Probe  
  91  11:51  Probe  
  91  11:52  Zealot x3  
  91  11:53  Zealot x3  
  104  11:54  Zealot  
  106  12:01  Robotics Facility  
  106  12:02  Pylon  
  106  12:10  Zealot  
  108  12:19  Nexus  
  108  12:29  Zealot x5  
  112  12:30  Zealot  
  112  12:31  Colossus  
  114  12:43  Pylon  
  120  12:45  Pylon  
  120  12:46  Protoss Ground Weapons Level 3 (Chrono Boost)  
  120  13:00  Probe  
  120  13:02  Probe  
  120  13:03  Probe  
  120  13:04  Colossus  
  129  13:06  Archon, Zealot x3  
  135  13:16  Templar Archives  
  135  13:24  Zealot x3  
  135  13:25  Zealot x2  
  143  13:31  Sentry x3  
  149  13:42  Psionic Storm  
  149  13:47  Zealot x4  
  149  13:48  Zealot  
  153  13:57  High Templar x3  
  153  14:00  Warp Prism  
  159  14:06  Warp Prism  
  151  14:28  Colossus  
  139  14:32  Pylon  
  147  14:56  Assimilator  
  147  14:58  Stalker  
  147  14:59  Stalker x5  
  151  15:00  Assimilator  
  124  15:23  Zealot x4  
  124  15:24  Zealot x3  
  128  15:32  Archon  
Show
View Real Time Build Order
Export as new Build Order

Hindulaatti Terran 

Build Orders: MMM Bio 

Get SALT Encoding   

  12  0:00  SCV  
  13  0:13  SCV  
  14  0:17  Supply Depot  
  14  0:25  SCV  
  15  0:39  SCV  
  15  0:41  Barracks  
  16  0:51  SCV  
  16  0:52  Refinery  
  17  1:03  SCV  
  18  1:15  SCV  
  19  1:25  Command Center  
  19  1:33  Supply Depot  
  19  1:45  Orbital Command  
  19  1:49  Marine  
  20  2:03  Factory  
  20  2:08  Marine  
  20  2:11  SCV  
  22  2:26  Marine  
  22  2:28  SCV  
  24  2:43  Orbital Command  
  23  2:46  SCV  
  23  2:48  Barracks Reactor  
  23  2:49  Factory Tech Lab  
  24  2:52  Supply Depot  
  24  2:53  Refinery  
  24  3:04  Orbital Command, Starport  
  24  3:11  Bunker  
  24  3:24  Marine x2  
  24  3:25  Barracks  
  24  3:26  Barracks  
  26  3:31  SCV  
  27  3:51  Supply Depot  
  27  3:52  Cyclone  
  30  3:59  Starport Reactor  
  30  4:02  SCV x2  
  32  4:10  Marine x2  
  32  4:14  SCV x2  
  36  4:24  Barracks Tech Lab  
  36  4:25  Barracks Reactor  
  36  4:26  SCV  
  36  4:27  SCV  
  38  4:36  Marine x2  
  40  4:38  SCV  
  40  4:39  SCV  
  42  4:48  Medivac x2  
  42  4:50  SCV  
  42  4:51  SCV  
  48  4:56  Supply Depot  
  48  4:57  Supply Depot  
  48  5:00  Engineering Bay  
  48  5:02  Marine x2  
  48  5:03  Marauder, SCV x2  
  48  5:06  Stimpack  
  54  5:15  SCV x2  
  55  5:27  SCV x2  
  57  5:32  Marine x2  
  57  5:33  Marauder, Marine x2  
  63  5:36  Cyclone  
  63  5:39  SCV x2  
  68  5:45  Refinery  
  68  5:50  Medivac, Marine x2  
  68  5:51  SCV x2  
  74  5:59  Refinery  
  74  6:03  SCV  
  75  6:06  SCV  
  75  6:07  Marauder  
  78  6:18  Supply Depot  
  78  6:20  Supply Depot  
  78  6:21  Engineering Bay  
  78  6:24  Supply Depot  
  78  6:39  Marine x2  
  78  6:40  Medivac x2, SCV x2  
  78  6:41  Marine x2  
  90  6:47  Marauder  
  90  6:49  Cyclone  
  90  6:52  SCV  
  94  6:57  Marine x2  
  94  6:58  Barracks  
  94  6:59  Marine x2, SCV, Barracks  
  99  7:04  SCV  
  98  7:08  Marauder  
  98  7:15  Marine x2  
  89  7:28  Viking  
  89  7:29  Medivac  
  93  7:30  Marauder, Marine x2  
  93  7:33  Marine x2  
  92  7:47  Marine  
  92  7:52  Marine x2  
  92  7:53  Marauder, Marine  
  92  7:57  Barracks Reactor  
  97  7:58  Barracks Tech Lab  
  97  8:00  Medivac, Viking  
  101  8:06  Command Center  
  101  8:08  Terran Infantry Weapons Level 1  
  101  8:10  Armory  
  101  8:11  Terran Infantry Armor Level 1  
  101  8:14  Marine, SCV x2  
  101  8:15  Marauder  
  106  8:27  Supply Depot  
  106  8:28  Supply Depot  
  106  8:29  Supply Depot  
  106  8:33  Medivac, Viking, Marine  
  111  8:34  Marine  
  111  8:38  Combat Shields  
  83  8:56  Marine x3  
  83  8:57  Marauder, Marine x3  
  83  8:58  Marauder  
  88  9:05  Cyclone  
  88  9:09  SCV x2  
  87  9:14  Marine x3  
  90  9:18  Orbital Command  
  90  9:21  SCV  
  90  9:23  Marine x3  
  90  9:24  Marauder, Marine  
  97  9:29  Medivac  
  99  9:32  Medivac, Marine  
  99  9:37  Cyclone  
  105  9:40  Orbital Command  
  105  9:47  Marauder, Marine x3  
  105  9:49  Concussive Shells  
  110  9:53  Refinery  
  110  9:57  Marauder, Marine  
  110  9:58  Refinery  
  110  9:59  Medivac, Marine  
  116  10:11  Marine  
  116  10:12  Marauder, Marine  
  120  10:18  Marine  
  120  10:19  Marauder, Marine x3  
  126  10:26  SCV x3  
  129  10:31  Thor  
  129  10:33  Marauder, Marine x2  
  139  10:36  Marine x2  
  139  10:40  Marauder  
  128  11:02  Marine x2  
  128  11:03  Marauder, Marine x5  
  110  11:20  Marine x3  
  110  11:21  Marine x3  
  110  11:22  Marauder, Barracks  
  110  11:23  Barracks  
  110  11:24  Marauder  
  110  11:25  Barracks  
  118  11:38  Liberator, Marine x4  
  118  11:39  Terran Infantry Weapons Level 2, Marine  
  123  11:43  Marauder  
  123  11:45  Marine  
  123  11:46  Marauder  
  123  11:55  Medivac  
  123  11:56  Marine x4, Thor  
  138  12:02  Command Center  
  138  12:10  Marauder  
  138  12:11  Marauder, Marine x4  
  138  12:12  Terran Infantry Armor Level 2  
  138  12:13  Terran Vehicle Weapons Level 1  
  142  12:26  Liberator  
  142  12:29  Barracks Reactor  
  141  12:30  Barracks Tech Lab x2  
  141  12:40  Missile Turret  
  141  12:41  Marauder, Marine x6  
  141  12:42  Marauder  
  141  12:43  Medivac  
  156  12:54  Marine  
  157  12:58  Supply Depot  
  157  13:01  Supply Depot  
  157  13:02  Supply Depot  
  157  13:10  Marine x3  
  157  13:17  Liberator, Marine x6  
  157  13:18  Marauder x3  
  171  13:28  Marine x3  
  171  13:31  Thor  
  180  13:35  Marine  
  180  13:36  Marauder  
  154  13:46  Marauder, Marine x3  
  154  13:47  Marauder x2  
  146  13:48  Marine  
  146  13:55  Starport  
  107  14:34  Medivac, Viking  
  107  14:35  Starport Reactor  
  107  14:37  Marauder, Marine x3  
  107  14:38  Marauder x2, Marine x6  
  125  14:55  Marine x3  
  106  15:05  Marauder x2, Marine x4  
Tags
 
Composition
MMM Bio
Matchup
PvT
Replay Pack
22.2.2016
Add a new tag
Caveats
  • Supply blocks, unpowered buildings, or Contaminate may cause inaccurate times.
  • Supply counts are checked every 10 seconds.